[Event "Titled Tuesday Blitz May 24 Late 2022"]
[White "Al-Tarboush, Ward"]
[Black "Senthilkumar, Pranav"]
[WhiteFideId "7601450"]
[BlackFideId "2083477"]
[WhiteElo "2294"]
[BlackElo "2429"]
[Result "1-0"]
[Round "09"]
[TimeControl "180+1"]
[Date "2022.05.25"]
[WhiteClock "0:01:24"]
[BlackClock "0:01:02"]

1. e4 c5 2. Nf3 e6 3. d4 cxd4 4. Nxd4 Nc6 5. Nc3 Qc7 6. Be3 a6 7. Qd2 Nf6 8. f3 Be7 9. g4 O-O 10. h4 b5 11. h5 d6 12. g5 Nd7 13. g6 Nde5 14. O-O-O b4 15. h6 fxg6 16. hxg7 Rf7 17. Rxh7 bxc3 18. Rh8+ Kxg7 19. Qh2 cxb2+ 20. Kb1 Bb7 21. Qh6+ Kf6 22. Bg5# 1-0


[Site "https://www.chess.com"]

[Event "Titled Tuesday Blitz May 24 Late 2022"]
[White "Avramidou, Anastasia"]
[Black "Djokic, Mihailo"]
[WhiteFideId "4239873"]
[BlackFideId "976440"]
[WhiteElo "2183"]
[BlackElo "2202"]
[Result "1-0"]
[Round "09"]
[TimeControl "180+1"]
[Date "2022.05.24"]
[WhiteClock "0:00:04"]
[BlackClock "0:00:59"]

1. c4 e5 2. Nc3 Nc6 3. g3 Bc5 4. Bg2 d6 5. Nf3 Bf5 6. O-O a6 7. a3 Ba7 8. b4 Nf6 9. d3 O-O 10. e4 Bg4 11. h3 Bxf3 12. Bxf3 Nd4 13. Bg2 Nd7 14. Kh1 c6 15. f4 f5 16. exf5 Nxf5 17. Qe1 Bd4 18. Bd2 exf4 19. Rxf4 Ne5 20. Rd1 Nxd3 21. Qe6+ Kh8 22. Rxf5 Nf2+ 23. Rxf2 Rxf2 24. Ne4 Rf8 25. Bg5 Qb6 26. Nxd6 Bf6 27. Bf4 g6 28. Bh6 Bg7 29. Bxg7+ Kxg7 30. Qe5+ Kg8 31. Ne4 c5 32. bxc5 Qb3 33. Rd7 Rf7 34. Nf6+ Kf8 35. Rxf7+ Kxf7 36. Bd5+ Kg7 37. Ng4+ Kf8 38. Qf6+ Ke8 39. Bf7+ Kd7 40. Qe6+ Kc7 41. Qe7+ Kc6 42. Bd5# 1-0


[Site "https://www.chess.com"]

[Event "Titled Tuesday Blitz May 24 Late 2022"]
[White "Barria Zuniga, Daniel"]
[Black "Proudian, Armen"]
[WhiteFideId "3400816"]
[BlackFideId "2130734"]
[WhiteElo "2414"]
[BlackElo "2380"]
[Result "0-1"]
[Round "09"]
[TimeControl "180+1"]
[Date "2022.05.24"]
[WhiteClock "0:00:02"]
[BlackClock "0:00:17"]

1. c4 Nf6 2. Nc3 c5 3. g3 b6 4. Bg2 Nc6 5. Nh3 Bb7 6. O-O g6 7. e3 Bg7 8. d4 O-O 9. b3 cxd4 10. exd4 d5 11. Nxd5 Nxd5 12. Bxd5 Bxd4 13. Bh6 Re8 14. Ng5 e6 15. Bg2 Na5 16. Bxb7 Nxb7 17. Qf3 Qf6 18. Rad1 Qxf3 19. Nxf3 Bf6 20. Rd2 Rad8 21. Rfd1 Rxd2 22. Rxd2 Rd8 23. Rxd8+ Nxd8 24. Be3 Nc6 25. Kf1 Nb4 26. a4 Nc6 27. Bd2 Kf8 28. Ke2 Ke7 29. Kd3 Kd6 30. b4 e5 31. b5 Nd8 32. Bb4+ Ke6 33. c5 bxc5 34. Bxc5 Kd5 35. Bxa7 e4+ 36. Ke2 exf3+ 37. Kxf3 Nb7 38. Be3 Bc3 39. h4 f6 40. Kf4 Kc4 41. Ke4 Nd6+ 42. Kf4 Be5+ 43. Kg4 Kb4 44. b6 h5+ 45. Kf3 Kxa4 46. g4 Kb5 47. gxh5 gxh5 48. Ke2 Kc6 49. Kd3 f5 50. f4 Bf6 51. Bf2 Bd8 52. Ke2 Bxb6 53. Ke1 Bxf2+ 0-1


[Site "https://www.chess.com"]

[Event "Titled Tuesday Blitz May 24 Late 2022"]
[White "Bibasa, Bob"]
[Black "Rios Escobar, Adan"]
[WhiteFideId "10000240"]
[BlackFideId "3403645"]
[WhiteElo "2032"]
[BlackElo "2400"]
[Result "1-0"]
[Round "09"]
[TimeControl "180+1"]
[Date "2022.05.25"]
[WhiteClock "0:00:34"]
[BlackClock "0:00:03"]

1. e4 c5 2. Nf3 d6 3. d4 cxd4 4. Nxd4 Nf6 5. f3 a5 6. Nc3 e5 7. Ndb5 Be7 8. Bg5 Be6 9. Be2 O-O 10. Bxf6 gxf6 11. O-O Nc6 12. Kh1 f5 13. Nd5 Nd4 14. Nxd4 exd4 15. Qxd4 Bxd5 16. Qxd5 fxe4 17. fxe4 a4 18. Bh5 Ra5 19. Bxf7+ Kg7 20. Qe6 Re5 21. Qg4+ Rg5 22. Qf3 Bf6 23. Bd5 Bxb2 24. Qxf8+ Qxf8 25. Rxf8 Kxf8 26. Rb1 a3 27. g3 Rg6 28. Bxb7 Rf6 29. Kg2 Bd4 30. Rf1 Rxf1 31. Kxf1 Ke7 32. Ke2 Kf6 33. Kf3 h6 34. h4 Bb2 35. Bd5 Bc1 36. Kg4 Bd2 37. Kh5 Bc1 38. g4 Be3 39. c4 Bf4 40. Bc6 Be3 41. e5+ dxe5 42. Be4 Kg7 43. g5 hxg5 44. hxg5 Bc5 45. Kg4 Bd4 46. Kf5 Kf7 47. Bd5+ Kg7 48. Bf3 Kf7 49. Bh5+ Kg7 50. Ke6 e4 51. Kd5 Be3 52. g6 Kh6 53. Kxe4 Bc5 54. Kd5 Be7 55. c5 Bd8 56. c6 Bc7 57. Ke6 Kg7 58. Kd7 Be5 59. c7 Bxc7 60. Kxc7 Kh6 61. Kb6 Kg7 62. Kb5 1-0


[Site "https://www.chess.com"]

[Event "Titled Tuesday Blitz May 24 Late 2022"]
[White "Bluebaum, Matthias"]
[Black "Drygalov, Andrey"]
[WhiteFideId "24651516"]
[BlackFideId "24171735"]
[WhiteElo "2556"]
[BlackElo "2540"]
[Result "0-1"]
[Round "09"]
[TimeControl "180+1"]
[Date "2022.05.24"]
[WhiteClock "0:00:07"]
[BlackClock "0:00:15"]

1. d4 Nf6 2. c4 e6 3. Nc3 Bb4 4. e3 O-O 5. Bd3 d5 6. cxd5 exd5 7. a3 Bd6 8. Qc2 c6 9. Nge2 Re8 10. Bd2 Na6 11. O-O Nc7 12. Rad1 b6 13. f3 c5 14. Qc1 Bd7 15. Be1 Ne6 16. Bh4 Bc6 17. Kh1 cxd4 18. Nxd4 Nxd4 19. exd4 h6 20. Rfe1 Rxe1+ 21. Rxe1 Bf8 22. Ba6 Qd6 23. Nb5 Qd7 24. a4 Ne8 25. Bg3 Nd6 26. Nxd6 Bxd6 27. b3 Bxg3 28. hxg3 Re8 29. Rxe8+ Qxe8 30. Kh2 g5 31. Bd3 Qe6 32. g4 Kg7 33. Qd2 Bd7 34. Kg1 Qd6 35. a5 Qa3 36. axb6 axb6 37. Bc2 Bb5 38. Qe3 Qd6 39. Kf2 Qe6 40. Qd2 Qf6 41. g3 Bd7 42. Kg2 Bb5 43. Qe3 Qe6 44. Qe5+ Qxe5 45. dxe5 Bd7 46. Bf5 Bxf5 47. gxf5 h5 48. f4 gxf4 49. gxf4 d4 50. Kf3 h4 51. Ke4 h3 52. f6+ Kf8 53. f5 h2 54. e6 h1=Q+ 55. Ke5 Qc6 56. e7+ Ke8 57. Kf4 Qxf6 58. Kg4 Kxe7 0-1


[Site "https://www.chess.com"]

[Event "Titled Tuesday Blitz May 24 Late 2022"]
[White "Bonte, Andrei-Mihai"]
[Black "Mikhalsky, Vladimir"]
[WhiteFideId "1210297"]
[BlackFideId "14144352"]
[WhiteElo "2192"]
[BlackElo "2301"]
[Result "0-1"]
[Round "09"]
[TimeControl "180+1"]
[Date "2022.05.25"]
[WhiteClock "0:00:38"]
[BlackClock "0:00:41"]

1. d4 Nf6 2. c4 g6 3. Nc3 Bg7 4. e4 O-O 5. Nf3 d6 6. Be2 e5 7. O-O Nc6 8. d5 Ne7 9. Nh4 Nd7 10. g3 f5 11. exf5 gxf5 12. f4 e4 13. Be3 Ng6 14. Ng2 a5 15. Qd2 Nc5 16. Rac1 a4 17. Rb1 Bd7 18. Rfc1 Qf6 19. Ne1 a3 20. b4 Na4 21. Nxa4 Rxa4 22. Nc2 Rf7 23. Bd4 Qe7 24. Ne3 Bxd4 25. Qxd4 Rg7 26. Kh1 b6 27. Rc3 Ra8 28. Nc2 h5 29. Bxh5 Kf7 30. g4 Rh8 31. Rh3 Kg8 0-1


[Site "https://www.chess.com"]

[Event "Titled Tuesday Blitz May 24 Late 2022"]
[White "Bortnyk, Olexandr"]
[Black "Bryakin, Mikhail"]
[WhiteFideId "14120828"]
[BlackFideId "4165314"]
[WhiteElo "2723"]
[BlackElo "2417"]
[Result "1-0"]
[Round "09"]
[TimeControl "180+1"]
[Date "2022.05.24"]
[WhiteClock "0:00:08"]
[BlackClock "0:00:13"]

1. d4 Nf6 2. Nc3 d5 3. Bf4 a6 4. e3 e6 5. Nf3 c5 6. a3 Nc6 7. Bd3 b5 8. dxc5 Bxc5 9. e4 dxe4 10. Nxe4 Nxe4 11. Bxe4 Bb7 12. O-O Qxd1 13. Raxd1 f6 14. Rfe1 Rc8 15. Bd6 Bxd6 16. Rxd6 Ke7 17. Bxc6 Kxd6 18. Bxb7 Rxc2 19. Rxe6+ Kxe6 20. Nd4+ Kd6 21. Nxc2 Kc7 22. Bf3 Rd8 23. Kf1 Rd2 24. Be4 Rd1+ 25. Ke2 Rb1 26. b4 h6 27. h4 Rb3 28. g3 g5 29. h5 Kd6 30. Kd2 Ke5 31. Bb7 f5 32. Bxa6 Rf3 33. Ke2 Rc3 34. Kd1 Rf3 35. Ne1 Rxa3 36. Bxb5 Rb3 37. Kc2 Ra3 38. Kb2 Ra8 39. Kc3 Rc8+ 40. Bc4 Ke4 41. Nd3 Ra8 42. b5 Ra3+ 43. Kb4 Ra1 44. Nc5+ Ke5 45. b6 Kd6 46. b7 Kc7 47. Bd5 Rb1+ 48. Kc3 Rc1+ 49. Kd4 Rd1+ 50. Ke5 Ra1 51. Nd7 Re1+ 52. Kxf5 Rb1 53. b8=Q+ Rxb8 54. Nxb8 Kd6 55. Kg6 g4 56. Kxh6 Kxd5 57. Kg7 Ke4 58. h6 Kf3 59. h7 Kxf2 60. h8=Q Kxg3 61. Qh5 Kf3 62. Nc6 Kf4 63. Qh4 Kf3 64. Ne5+ Kf4 65. Nxg4 Kf5 66. Qf6+ Ke4 67. Qe5+ Kf3 68. Kg6 Kg2 69. Qe3 Kh1 70. Qd2 Kg1 71. Qf2+ Kh1 72. Qh2# 1-0


[Site "https://www.chess.com"]

[Event "Titled Tuesday Blitz May 24 Late 2022"]
[White "Colivet Gamboa, Julio Cesar"]
[Black "Seletsky, Grigory"]
[WhiteFideId "3949583"]
[BlackFideId "14112191"]
[WhiteElo "1743"]
[BlackElo "2492"]
[Result "0-1"]
[Round "09"]
[TimeControl "180+1"]
[Date "2022.05.25"]
[WhiteClock "0:00:18"]
[BlackClock "0:00:10"]

1. c4 c6 2. Nc3 d5 3. d4 Nf6 4. g3 Bf5 5. Nf3 e6 6. Bg2 h6 7. O-O Be7 8. Nd2 Nbd7 9. h3 O-O 10. e4 dxe4 11. Ndxe4 Nxe4 12. Nxe4 Nf6 13. Nc3 Qa5 14. Qe2 Rfe8 15. Rd1 Rad8 16. Be3 Bb4 17. Rac1 e5 18. dxe5 Qxe5 19. a3 Bc5 20. Bxc5 Qxc5 21. Rxd8 Rxd8 22. b4 Qb6 23. Qe5 Be6 24. Na4 Qd4 25. Qxd4 Rxd4 26. Nc5 Bc8 27. b5 cxb5 28. cxb5 b6 29. Nb3 Rd8 30. Rc7 Be6 31. Nc1 Rd1+ 32. Kh2 Rd7 33. Rxd7 Bxd7 34. Bc6 Bxc6 35. bxc6 Nd5 36. Nd3 Kf8 37. Kg2 Ke7 38. Kf3 Kd6 39. Ke4 Nf6+ 40. Kd4 Ne8 41. Kc4 Nc7 42. a4 f6 43. Nf4 Kxc6 44. Nh5 Ne8 45. Nf4 a6 46. Ne6 Kd6 47. Nf4 g5 48. Nd3 Nc7 49. Nb4 a5 50. Nd3 Ne6 51. f4 Nc5 52. Nf2 Nxa4 53. fxg5 fxg5 54. Ne4+ Kc6 55. Nd2 b5+ 56. Kd4 Nc5 57. Ne4 Nxe4 58. Kxe4 a4 59. Kd3 a3 60. Kc3 b4+ 61. Kb3 Kc5 62. Ka2 h5 63. h4 gxh4 64. gxh4 Kc4 65. Ka1 Kd4 66. Ka2 Ke4 67. Kb3 Kf4 68. Kxb4 Kg4 69. Kxa3 Kxh4 70. Kb3 Kg3 71. Kc3 h4 72. Kd2 h3 73. Ke2 h2 74. Kf1 h1=Q+ 0-1


[Site "https://www.chess.com"]

[Event "Titled Tuesday Blitz May 24 Late 2022"]
[White "Csonka, Balazs"]
[Black "Larino Nieto, David"]
[WhiteFideId "742910"]
[BlackFideId "2256444"]
[WhiteElo "2404"]
[BlackElo "2532"]
[Result "1-0"]
[Round "09"]
[TimeControl "180+1"]
[Date "2022.05.24"]
[WhiteClock "0:00:06"]
[BlackClock "0:00:03"]

1. e4 d5 2. exd5 Qxd5 3. Nc3 Qa5 4. Bc4 Nf6 5. d3 c6 6. Bd2 Qc7 7. Qe2 Nbd7 8. Nf3 Nb6 9. Bb3 a5 10. a4 e6 11. O-O Bd6 12. Ne4 Be7 13. d4 Nbd5 14. Rfe1 O-O 15. c3 Nf4 16. Nxf6+ Bxf6 17. Qe4 Ng6 18. h4 h6 19. h5 Ne7 20. Bc2 Re8 21. Bf4 Qd8 22. Ne5 Kf8 23. Rad1 Qd5 24. Qh7 Ng8 25. c4 Qd8 26. c5 Bg5 27. Bg3 Bh4 28. Re3 Bg5 29. Rf3 Nf6 30. Qh8+ Ke7 31. Qxg7 Rf8 32. Bf4 Bxf4 33. Rxf4 1-0


[Site "https://www.chess.com"]

[Event "Titled Tuesday Blitz May 24 Late 2022"]
[White "Curtis, John"]
[Black "Gomez Dieguez, David"]
[WhiteFideId "3200256"]
[BlackFideId "22223630"]
[WhiteElo "2203"]
[BlackElo "2115"]
[Result "0-1"]
[Round "09"]
[TimeControl "180+1"]
[Date "2022.05.25"]
[WhiteClock "0:00:01"]
[BlackClock "0:00:21"]

1. b3 d5 2. Bb2 Nf6 3. e3 Bf5 4. Nf3 e6 5. Be2 h6 6. O-O Be7 7. c4 c6 8. d4 O-O 9. Nc3 Nbd7 10. Ne5 Rc8 11. Nxd7 Qxd7 12. Qc1 Ne4 13. Nxe4 Bxe4 14. Ba3 a5 15. Bxe7 Qxe7 16. Qc3 Qb4 17. Qxb4 axb4 18. a3 Bc2 19. axb4 Bxb3 20. c5 Ra8 21. Rfb1 Bc2 22. Rc1 Bg6 23. Kf1 f6 24. Ke1 e5 25. Kd2 exd4 26. exd4 Kf7 27. b5 Bf5 28. Bh5+ g6 29. Be2 Rfe8 30. f3 g5 31. Bf1 h5 32. b6 h4 33. Ra7 Rab8 34. Rc3 Re7 35. Re3 Rxe3 36. Kxe3 Ke6 37. g4 Bc2 38. f4 Kd7 39. f5 Be4 40. Be2 Bg2 41. Kf2 Be4 42. Ra3 Re8 43. Re3 Ra8 44. Rc3 Ra4 45. Ke3 Ra1 46. Kf2 Ra2 47. h3 Rd2 48. Ke3 Ra2 49. Bd3 Bg2 50. Bb1 Ra5 51. Bd3 Bxh3 52. Be2 Bg2 53. Kf2 Be4 54. Rh3 Ra4 55. Ke3 Ra3+ 56. Bd3 Rxd3+ 57. Ke2 Rxh3 58. Kf2 Rg3 0-1


[Site "https://www.chess.com"]

[Event "Titled Tuesday Blitz May 24 Late 2022"]
[White "Demchenko, Anton"]
[Black "Andreikin, Dmitry"]
[WhiteFideId "4160258"]
[BlackFideId "4158814"]
[WhiteElo "2539"]
[BlackElo "2736"]
[Result "1-0"]
[Round "09"]
[TimeControl "180+1"]
[Date "2022.05.24"]
[WhiteClock "0:00:03"]
[BlackClock "0:00:02"]

1. e4 e5 2. Nf3 Nf6 3. Nxe5 d6 4. Nf3 Nxe4 5. Nc3 Nf6 6. d4 g6 7. h3 Bg7 8. Bd3 O-O 9. O-O Nc6 10. a3 Be6 11. Ne2 Qd7 12. Ng3 Rae8 13. c3 Na5 14. Nd2 Nd5 15. Re1 Nf4 16. Bf1 Nb3 17. d5 Nxa1 18. dxe6 Rxe6 19. Rxe6 Qxe6 20. Nf3 Qd5 21. Qa4 Nxh3+ 22. gxh3 Qxf3 23. Be3 Be5 24. Bg2 b5 25. Qxb5 Qd1+ 26. Nf1 Nc2 27. Bh6 Rd8 28. Bg5 Rf8 29. Be7 Ne1 30. Bxf8 Kxf8 31. Qb8+ Kg7 32. Qxa7 c5 33. Qb7 Qe2 34. a4 Nd3 35. Qf3 Qxf3 36. Bxf3 Nxb2 37. a5 Bxc3 38. a6 Nc4 39. a7 Nb6 40. Ne3 Bd4 41. Nc4 Nxc4 42. a8=Q Ne5 43. Bd5 c4 44. Kg2 c3 45. Qc8 Bc5 46. Bb3 Nd3 47. Qb7 c2 48. Qxf7+ Kh6 49. Bxc2 Ne1+ 50. Kf1 Nxc2 51. Qf8+ Kh5 52. Qf3+ Kh6 53. Qf8+ Kh5 54. Qe7 Nd4 55. Qxh7+ Kg5 56. h4+ Kf6 57. Kg2 Ne6 58. Qh8+ Kf7 59. Kf3 Ng7 60. Qc8 Nh5 61. Kg4 Nf6+ 62. Kf3 Nh5 63. Qd7+ Kf6 64. Qd8+ Kg7 65. Qg5 Nf6 66. Qc1 Nh5 67. Qb2+ Kf7 68. Qa1 Nf6 69. Kg2 Nh5 70. f3 Nf4+ 71. Kh2 Ne6 72. Qa8 Bd4 73. Qb7+ Kf6 74. Qb8 Be5+ 75. Kg2 Nf4+ 76. Kf1 Ke6 77. Qg8+ Ke7 78. Qh7+ Kf6 79. Kf2 Ke6 80. Ke3 Nd5+ 81. Kd3 Nf4+ 82. Kc4 Kf6 83. Qg8 Ke7 84. Kb5 Kf6 85. Kc6 Ne6 86. Qh8+ Kf5 87. Qh7 Nd4+ 88. Kd7 Nxf3 89. h5 Nh4 90. Ke7 Bf6+ 91. Kf7 Kg5 92. hxg6 Nf5 93. Qh1 Nh6+ 94. Ke6 Kxg6 95. Qe4+ Kg7 96. Kxd6 Nf7+ 97. Kd5 Ne5 98. Qf5 Nf7 99. Qg4+ Ng5 100. Qd7+ Kg6 101. Qe8+ Kg7 102. Qe2 Kg6 103. Qg4 Bh8 104. Qa4 Nh7 105. Qe8+ Kg7 106. Qe7+ Kg8 107. Ke6 Nf6 108. Qf7# 1-0


[Site "https://www.chess.com"]

[Event "Titled Tuesday Blitz May 24 Late 2022"]
[White "Domingo Nunez, Ruben"]
[Black "Szente Varga, Fruzsina"]
[WhiteFideId "22245570"]
[BlackFideId "712264"]
[WhiteElo "2376"]
[BlackElo "1994"]
[Result "1-0"]
[Round "09"]
[TimeControl "180+1"]
[Date "2022.05.24"]
[WhiteClock "0:00:08"]
[BlackClock "0:00:22"]

1. Nf3 Nf6 2. c4 g6 3. g3 Bg7 4. Bg2 O-O 5. O-O c6 6. b3 d5 7. Bb2 Bg4 8. Ne5 Be6 9. d3 Nbd7 10. Nf3 a5 11. Nc3 Nc5 12. Qc2 d4 13. Nxd4 Bd7 14. Nf3 Qc8 15. Ba3 b6 16. Ne5 Re8 17. Rad1 Rb8 18. d4 Na6 19. Bb2 b5 20. Nxd7 Nxd7 21. d5 cxd5 22. Nxd5 Bxb2 23. Qxb2 bxc4 24. Qa3 cxb3 25. Nxe7+ Rxe7 26. Qxe7 Nf8 27. axb3 Rxb3 28. Rd8 Qc5 29. Rxf8+ Kg7 30. Rxf7+ 1-0


[Site "https://www.chess.com"]

[Event "Titled Tuesday Blitz May 24 Late 2022"]
[White "Drygalov, Sergey"]
[Black "Tristan, Leonardo"]
[WhiteFideId "24171743"]
[BlackFideId "113816"]
[WhiteElo "2514"]
[BlackElo "2404"]
[Result "1/2-1/2"]
[Round "09"]
[TimeControl "180+1"]
[Date "2022.05.24"]
[WhiteClock "0:00:28"]
[BlackClock "0:00:05"]

1. d4 d5 2. c4 e6 3. Nf3 Nf6 4. Nc3 a6 5. cxd5 exd5 6. Bg5 Be6 7. Bxf6 Qxf6 8. Qb3 Ra7 9. h4 h6 10. g3 Qd8 11. Bg2 c6 12. O-O Be7 13. Qc2 O-O 14. Rad1 Nd7 15. Rfe1 Ra8 16. Nd2 Nf6 17. Nb3 Qc8 18. Nc5 Bf5 19. e4 dxe4 20. N3xe4 Bxc5 21. Nxf6+ gxf6 22. Qxc5 Kg7 23. d5 cxd5 24. Qxd5 Be6 25. Qd3 Qc7 26. Rc1 Qb6 27. b3 Rad8 28. Qc3 Rd7 29. Re3 Qd6 30. Rf3 Qe5 31. Re3 Qxc3 32. Rexc3 Rfd8 33. a3 Rd1+ 34. Rxd1 Rxd1+ 35. Kh2 Bd5 36. Bxd5 Rxd5 37. Kg2 b5 38. Kf3 a5 39. Ke3 h5 40. b4 a4 41. f4 Kg6 42. Ke4 Rd1 43. Re3 Rc1 44. Kd4 Kf5 45. Kd5 Kg4 46. Kd6 f5 47. Ke7 Rb1 48. Kxf7 Rb3 49. Re5 Rxa3 50. Rxb5 Rxg3 51. Kf6 Rf3 52. Rxf5 a3 53. Ra5 Rxf4+ 54. Kg6 Rxb4 55. Rxa3 Rb6+ 56. Kf7 Kxh4 57. Ra4+ Kg3 58. Ra3+ Kg4 59. Ra4+ Kg5 60. Ra5+ Kh6 61. Ra4 Rg6 62. Ra5 h4 63. Ra4 Kh5 64. Rxh4+ Kxh4 65. Kxg6 1/2-1/2


[Site "https://www.chess.com"]

[Event "Titled Tuesday Blitz May 24 Late 2022"]
[White "Ezat, Mohamed"]
[Black "Korchmar, Vasiliy"]
[WhiteFideId "10600906"]
[BlackFideId "24131750"]
[WhiteElo "2386"]
[BlackElo "2370"]
[Result "1-0"]
[Round "09"]
[TimeControl "180+1"]
[Date "2022.05.24"]
[WhiteClock "0:01:02"]
[BlackClock "0:00:01"]

1. d4 d5 2. c4 c6 3. Nc3 Nf6 4. cxd5 cxd5 5. Bf4 Nc6 6. e3 Bg4 7. Qb3 Na5 8. Qa4+ Bd7 9. Qc2 e6 10. Bd3 Rc8 11. Nf3 Nc6 12. a3 Nh5 13. Bg5 f6 14. Bh4 g5 15. Bg3 f5 16. Be5 Nxe5 17. Nxe5 Bg7 18. g4 Bxe5 19. dxe5 Ng7 20. h4 d4 21. exd4 Bc6 22. Rg1 Qxd4 23. O-O-O O-O 24. gxf5 Ba4 25. Qd2 Bxd1 26. f6 Nf5 27. Qxg5+ Kh8 28. Bxf5 Rxc3+ 29. Kb1 Rc1+ 30. Kxc1 Rc8+ 31. Kb1 1-0


[Site "https://www.chess.com"]

[Event "Titled Tuesday Blitz May 24 Late 2022"]
[White "Galiana Fernandez, Adrian"]
[Black "Kopczynski, Michal"]
[WhiteFideId "32010150"]
[BlackFideId "1124200"]
[WhiteElo "2133"]
[BlackElo "2235"]
[Result "0-1"]
[Round "09"]
[TimeControl "180+1"]
[Date "2022.05.25"]
[WhiteClock "0:00:15"]
[BlackClock "0:01:54"]

1. d4 Nf6 2. Nf3 g6 3. g3 Bg7 4. Bg2 d6 5. O-O O-O 6. Nc3 Nc6 7. d5 Nb8 8. e4 e5 9. Be3 Ng4 10. Bg5 f6 11. Bd2 f5 12. h3 Nf6 13. Bg5 h6 14. Bxf6 Qxf6 15. Qd3 f4 16. g4 h5 17. Rfd1 hxg4 18. hxg4 Bxg4 19. Nb5 Rf7 20. c4 a6 21. Nc3 Nd7 22. b4 Bf8 23. Kf1 Rh7 24. Ke2 g5 25. Kd2 Bh5 26. Rh1 g4 27. Nh4 f3 28. Bf1 Bf7 29. Nf5 Rxh1 30. Bg2 Rxa1 31. Bxf3 gxf3 32. Qxf3 Rg1 33. Ne2 Rg5 34. Neg3 Bg6 35. Qh1 Bxf5 36. Nxf5 Rxf5 37. exf5 Qxf5 38. Qg2+ Kf7 39. Kc3 e4 40. Qh2 Bg7+ 41. Kb3 Qf3+ 42. Kc2 Qe2+ 43. Kb1 Qb2# 0-1


[Site "https://www.chess.com"]

[Event "Titled Tuesday Blitz May 24 Late 2022"]
[White "Gatterer, Florian"]
[Black "Halak, Miklos"]
[WhiteFideId "811688"]
[BlackFideId "726400"]
[WhiteElo "2218"]
[BlackElo "2197"]
[Result "1/2-1/2"]
[Round "09"]
[TimeControl "180+1"]
[Date "2022.05.25"]
[WhiteClock "0:00:03"]
[BlackClock "0:00:10"]

1. f4 Nh6 2. Nf3 g6 3. g3 Bg7 4. Bg2 d5 5. O-O O-O 6. d3 d4 7. c4 c5 8. b4 cxb4 9. a3 bxa3 10. Nxa3 Nc6 11. Nc2 Nf5 12. g4 Ne3 13. Nxe3 dxe3 14. Bxe3 Bxa1 15. Qxa1 Bxg4 16. f5 Bxf5 17. Bh6 f6 18. Bxf8 Qxf8 19. e4 Bd7 20. d4 a5 21. e5 Nb4 22. exf6 exf6 23. Ng5 Bf5 24. Nf3 Nc2 25. Qc3 Qh6 26. Kh1 Ne3 27. Qd2 Kg7 28. Re1 Ng4 29. Re7+ Kf8 30. Qe1 Rd8 31. h3 Qh5 32. Kg1 Nh6 33. Rxb7 Re8 34. Qxa5 Bxh3 35. Qc5+ Qxc5 36. dxc5 Bxg2 37. Kxg2 Rc8 38. Rb5 Nf5 39. Kf2 h5 40. Nd2 h4 41. Ne4 Kf7 42. Rb7+ Ke6 43. Rb6+ Ke5 44. Nxf6 Kf4 45. Nd5+ Kg5 46. c6 Nd4 47. c7 Ne6 48. Rb8 Rxc7 49. Nxc7 Nxc7 50. c5 Ne6 51. c6 h3 52. Rc8 Kf6 53. c7 Ke7 54. Re8+ Kxe8 55. c8=Q+ Kf7 56. Qd7+ Kf6 57. Kg3 Kf5 58. Kxh3 g5 59. Kh2 Ke5 60. Qe8 Kf4 61. Kh1 Kf5 62. Qf7+ Ke5 63. Kg1 Nf4 64. Kf2 Ne6 65. Kf3 Nd4+ 66. Kg4 Ne6 67. Qe7 Kd5 68. Qf7 Ke5 69. Qe7 Kd5 70. Kf5 Nd4+ 71. Kxg5 Ne6+ 72. Kf6 Nd4 73. Qf7+ Kc5 74. Qh5+ Kc4 75. Qe5 Kd3 76. Qxd4+ Kxd4 1/2-1/2


[Site "https://www.chess.com"]

[Event "Titled Tuesday Blitz May 24 Late 2022"]
[White "Gong, Patrick"]
[Black "Francisco Guecamburu, Candela Be"]
[WhiteFideId "3222500"]
[BlackFideId "160911"]
[WhiteElo "2103"]
[BlackElo "1847"]
[Result "0-1"]
[Round "09"]
[TimeControl "180+1"]
[Date "2022.05.24"]
[WhiteClock "0:00:15"]
[BlackClock "0:00:48"]

1. d4 Nf6 2. c4 c5 3. d5 e6 4. Nc3 exd5 5. cxd5 d6 6. e4 g6 7. f3 Bg7 8. Nge2 O-O 9. Ng3 a6 10. a4 Nbd7 11. Be2 Re8 12. O-O Qc7 13. h3 Rb8 14. Be3 c4 15. f4 b5 16. axb5 axb5 17. Ra7 Qd8 18. e5 dxe5 19. f5 e4 20. fxg6 hxg6 21. d6 Ne5 22. Bg5 Qb6+ 23. Kh2 Nfg4+ 24. hxg4 Qxa7 25. Ncxe4 f5 26. gxf5 gxf5 27. Bh5 Be6 28. Bxe8 Rxe8 29. Nxf5 Bxf5 30. Rxf5 Qd7 31. Qd5+ Kh7 32. Rf4 Ng4+ 33. Kg1 Qa7+ 34. Kf1 Ne3+ 35. Ke2 Nxd5 36. Rh4+ Kg6 37. Rg4 Rxe4+ 38. Rxe4 Kxg5 0-1


[Site "https://www.chess.com"]

[Event "Titled Tuesday Blitz May 24 Late 2022"]
[White "Griffith, Kyron"]
[Black "Mekhitarian, Krikor Sevag"]
[WhiteFideId "2046318"]
[BlackFideId "2107660"]
[WhiteElo "2232"]
[BlackElo "2598"]
[Result "1-0"]
[Round "09"]
[TimeControl "180+1"]
[Date "2022.05.24"]
[WhiteClock "0:00:23"]
[BlackClock "0:00:02"]

1. e4 e5 2. Nf3 Nf6 3. Nxe5 d6 4. Nc4 Nxe4 5. Qe2 Qe7 6. Ne3 Nc6 7. Nc3 Nf6 8. Ned5 Qxe2+ 9. Bxe2 Nxd5 10. Nxd5 Kd8 11. c3 Be6 12. Nf4 Bf5 13. d4 Kd7 14. Bf3 Re8+ 15. Be3 Be4 16. Bxe4 Rxe4 17. O-O-O g6 18. Nd5 Bg7 19. Rhe1 Rhe8 20. Bd2 Rxe1 21. Rxe1 Rxe1+ 22. Bxe1 Nd8 23. Bd2 Nc6 24. Kc2 Nd8 25. Kd3 c6 26. Nf4 d5 27. h4 h5 28. f3 Bf6 29. g3 Be7 30. Be1 Bd6 31. Nh3 Ne6 32. Ke3 b5 33. g4 Ng7 34. Ng5 Ke8 35. Nh3 f6 36. Nf4 Bxf4+ 37. Kxf4 Ne6+ 38. Ke3 Kf7 39. Bg3 Nf8 40. Bd6 Ne6 41. b3 a6 42. Kf2 Nd8 43. Bc7 Ne6 44. Bd6 Ng7 45. Kg3 Ke6 46. Bf4 Ne8 47. Bb8 Kf7 48. Bf4 f5 49. Be5 fxg4 50. fxg4 Nf6 51. Bxf6 Kxf6 52. gxh5 gxh5 53. Kf4 a5 54. a4 b4 55. cxb4 axb4 56. a5 1-0


[Site "https://www.chess.com"]

[Event "Titled Tuesday Blitz May 24 Late 2022"]
[White "Haas, Michael"]
[Black "Mangialardo, Tiago Carvalho"]
[WhiteFideId "1629514"]
[BlackFideId "2130718"]
[WhiteElo "1982"]
[BlackElo "2161"]
[Result "1-0"]
[Round "09"]
[TimeControl "180+1"]
[Date "2022.05.25"]
[WhiteClock "0:00:05"]
[BlackClock "0:00:03"]

1. d4 d5 2. c4 c5 3. cxd5 Qxd5 4. Nf3 Nf6 5. Nc3 Qh5 6. Bf4 e6 7. Nb5 Na6 8. Nd6+ Bxd6 9. Bxd6 Ne4 10. dxc5 Nxd6 11. cxd6 O-O 12. e4 Qa5+ 13. Qd2 Qxd2+ 14. Nxd2 e5 15. Bxa6 bxa6 16. Nc4 Bb7 17. f3 f6 18. Na5 Rab8 19. Rc1 Rfd8 20. Nc4 Rbc8 21. O-O Bc6 22. Rfd1 Bb5 23. b3 Kf7 24. a4 Be8 25. Rd2 Ke6 26. Rcd1 Bd7 27. Ne3 Rb8 28. Rd3 Rb6 29. Nc4 Rc6 30. Na5 Rb6 31. R1d2 Rc8 32. Kf2 Rc1 33. h3 g6 34. g3 h5 35. Nc4 Rb4 36. Na5 Rb6 37. Ke3 g5 38. Ke2 Rc8 39. Rd1 Rcb8 40. Kd2 Rb4 41. Rc1 R4b6 42. Rc7 Rb4 43. Rdc3 R4b6 44. Kd3 Rxd6+ 45. Ke3 Rdb6 46. Rxa7 Rd6 47. Rcc7 Rd8 48. Nc4 Rb6 49. Nxb6 Be8 50. Nc4 Rd1 51. Rxa6+ 1-0


[Site "https://www.chess.com"]

[Event "Titled Tuesday Blitz May 24 Late 2022"]
[White "Hansen, Eric"]
[Black "Matinian, Nikita"]
[WhiteFideId "2606771"]
[BlackFideId "24129100"]
[WhiteElo "2568"]
[BlackElo "2422"]
[Result "1-0"]
[Round "09"]
[TimeControl "180+1"]
[Date "2022.05.24"]
[WhiteClock "0:00:30"]
[BlackClock "0:00:03"]

1. d4 Nf6 2. c4 g6 3. Nc3 Bg7 4. e4 O-O 5. Be2 d6 6. h4 h5 7. Nf3 c5 8. d5 Bg4 9. Bf4 Nbd7 10. Qc2 a6 11. a4 Re8 12. O-O Qc7 13. Rfe1 Bxf3 14. Bxf3 Ne5 15. Be2 Rad8 16. a5 Kh7 17. Ra3 Qc8 18. Na4 Bh6 19. Bg3 Qc7 20. Nb6 Nfd7 21. Rb3 Nxb6 22. axb6 Qd7 23. f4 Ng4 24. e5 dxe5 25. fxe5 f5 26. Bxg4 hxg4 27. e6 Qa4 28. h5 Rg8 29. d6 exd6 30. e7 Rde8 31. Re6 Qa1+ 32. Kh2 f4 33. hxg6+ Kh8 34. Be1 Rg7 35. Qf5 g3+ 36. Kh3 Qd1 37. Rf3 Rgxe7 38. Rxe7 Rxe7 39. Qf6+ Rg7 40. Qf8+ 1-0


[Site "https://www.chess.com"]